 Dungeon Crawl Stone Soup version 0.24-a0-584-g9d6b971ae4 (webtiles) character file.

Game seed: 4461675016612753549, levelgen mode: deterministic

43 Leibowitz the Ducker (level 3, 0/29 HPs)
             Began as a Demigod Gladiator on Sept 4, 2019.
             Killed from afar by Natasha (7 damage)
             ... with a magic dart
             ... on level 2 of the Dungeon.
             The game lasted 00:03:45 (995 turns).

Leibowitz the Ducker (Demigod Gladiator)             Turns: 995, Time: 00:03:45

Health: 0/29       AC:  4    Str: 17    XL:     3   Next: 20%
Magic:  5/5        EV: 14    Int: 12    God:
Gold:   62         SH:  0    Dex: 19    Spells: 2/2 levels left

rFire    + . .     SeeInvis .   a - +0 trident
rCold    x . .     Gourm    .   (no shield)
rNeg     . . .     Faith    .   b - +0 leather armour
rPois    .         Spirit   .   c - +0 helmet
rElec    .         Reflect  .   (no cloak)
rCorr    .         Harm     .   (no gloves)
MR       .....                  (no boots)
Stlth    +.........             e - amulet of rage
HPRegen  0.09/turn              j - ring of fire
MPRegen  0.09/turn              (no ring)

@: no status effects
A: high mp 1
a: Evoke Berserk Rage


You were on level 2 of the Dungeon.
You were not hungry.

You visited 1 branch of the dungeon, and saw 2 of its levels.

You collected 62 gold pieces.

Inventory:

Hand Weapons
 a - a +0 trident (weapon)
Missiles
 d - 3 throwing nets (quivered)
 p - 2 atropa-tipped darts
Armour
 b - a +0 leather armour (worn)
 c - a +0 helmet (worn)
Jewellery
 e - an amulet of rage (around neck)
 j - a ring of fire (left hand)
Scrolls
 i - a scroll of immolation {unknown}
 k - 2 scrolls of identify {unknown}
 m - a scroll of remove curse {unknown}
 n - a scroll of amnesia {unknown}
 o - a scroll of enchant armour {unknown}
 q - a scroll of magic mapping {unknown}
Potions
 g - a potion of curing {unknown}
 h - a potion of cancellation
 l - a potion of lignification {unknown}
Comestibles
 f - 6 rations


   Skills:
 * Level 2.2 Fighting
 * Level 3.2 Polearms
 - Level 1.7 Throwing
 + Level 0.1 Armour
 * Level 3.3 Dodging


You had 2 spell levels left.
You didn't know any spells.
Your spell library was empty.

Dungeon Overview and Level Annotations

Branches:
Dungeon (2/15)

Annotations:
D:2 Natasha


Innate Abilities, Weirdness & Mutations

You have an increased reservoir of magic. (+10% MP)


Message History

The shadow imp shouts, "Return whence thou came, thou dissembling crook-pated beggar!"
The shadow imp gestures at you.
You barely resist.
Natasha casts a spell.
You miss Natasha.
Natasha is heavily wounded.
The shadow imp gestures at you. Pain shoots through your body!
Natasha claws you.
The shadow imp hits you but does no damage.
Natasha claws you.
* * * LOW HITPOINT WARNING * * *
It was a potion of cancellation.
Your magical effects are unravelling.
You feel magically purged.
You feel yourself speed up.
The white imp picks up a beetle and eats it.
The shadow imp barely misses you.
Natasha stares at you and mumbles some strange words.
The magic dart hits you!
You die...

### #.. #.# #
##.######### ...........
#.#......# #
#######.#5####....
..........@h5.....
#########.###.#.###.....
......#.......#.###.##.#
...##.#.###.#.#.....#
##.#†................
#.#..#.....#........
#.#..#######...#####
#.#... ....# #.#.##.
#....#


You could see Natasha, a white imp and a shadow imp.

Vanquished Creatures
  2 leopard geckos
  4 giant cockroaches (D:1)
  4 goblins (D:1)
  6 hobgoblins
  6 jackals
  2 quokkas (D:2)
  A ball python (D:2)
  2 bats (D:1)
  4 kobolds
  2 rats (D:1)
33 creatures vanquished.

Notes
Turn   | Place    | Note
-------+----------+-------------------------------------------
     0 | D:1      | Leibowitz the Demigod Gladiator began the quest for the
                  | Orb.
     0 | D:1      | Reached XP level 1. HP: 17/17 MP: 3/3
   376 | D:1      | Reached XP level 2. HP: 24/24 MP: 4/4
   743 | D:2      | Reached XP level 3. HP: 17/29 MP: 5/5
   988 | D:2      | Noticed Natasha
   995 | D:2      | Killed from afar by Natasha

Levels and vault maps discovered:
D:1:      wheals_arrival_shading, layout_rooms, serial_forest,
          infiniplex_forest_zigzag_1, infiniplex_forest_lined_3,
          infiniplex_forest_clump_tiny, infiniplex_forest_lined_room_2,
          infiniplex_forest_lined_corner, infiniplex_forest_clump_curved
D:2:      layout_basic, first_ration, uniq_jessica, uniq_natasha, uniq_terence

Skill      XL: |  1  2 |
---------------+-------+-----
Dodging        | 3 |  3.3
Polearms       | 3 |  3.2
Fighting       | 2 |  2.2
Throwing       | |  1.7
Armour         | |  0.1

Action                   || total
-------------------------++-------
Melee: Trident           ||   106
  Use: Potion            ||     1
 Stab: Sleeping          ||     2
       Distracted        ||     1
Armor: Leather armour    ||    22
Dodge: Dodged            ||    72

Table legend:
 A = Non-vault XP
 B = Vault XP
 C = Vault XP percentage of total XP
 D = Non-vault monster count
 E = Vault monster count
 F = Vault count percentage of total count
                 A         B        C        D         E       F
            +---------+---------+-------+---------+---------+-------
      Total |      62 |       0 |   0.0 |      33 |       0 |   0.0
            +---------+---------+-------+---------+---------+-------
        D:1 |      38 |       0 |   0.0 |      21 |       0 |   0.0
        D:2 |      24 |       0 |   0.0 |      12 |       0 |   0.0
            +---------+---------+-------+---------+---------+-------
